 Dungeon Crawl Stone Soup version 0.22-a0-609-gfedc9ff (webtiles) character file.

2114 sking99 the Insei (level 9, -1/111 HPs)
             Began as a Purple Draconian Transmuter on July 10, 2018.
             Was a Believer of Nemelex Xobeh.
             Slain by a killer bee (5 damage)
             ... on level 6 of the Dungeon.
             The game lasted 00:12:57 (8290 turns).

sking99 the Insei (Purple Draconian Transmuter)     Turns: 8290, Time: 00:12:58

Health: -1/111     AC:  8    Str: 17    XL:     9   Next: 8%
Magic:  12/12      EV: 15    Int: 14    God:    Nemelex Xobeh [**....]
Gold:   270        SH:  0    Dex: 15    Spells: 9/12 levels left

rFire    . . .     SeeInvis .     - Unarmed
rCold    . . .     Gourm    .   (no shield)
rNeg     . . .     Faith    .   (armour unavailable)
rPois    .         Spirit   .   (helmet restricted)
rElec    .         Reflect  .   (no cloak)
rCorr    .         Harm     .   (no gloves)
MR       ++...                  h - +0 pair of boots
Stlth    ..........             b - amulet of rage
HPRegen  0.28/turn              s - ring of protection from magic
MPRegen  0.13/turn              (no ring)

@: berserking, lethally poisoned (-1 -> -11), very quick
A: breathe power, unfitting armour, cold-blooded, AC +7
a: Breathe Dispelling Energy, Renounce Religion, Evoke Berserk Rage


You were on level 6 of the Dungeon.
You worshipped Nemelex Xobeh.
Nemelex Xobeh was pleased with you.
You were hungry.

You visited 1 branch of the dungeon, and saw 7 of its levels.

You collected 270 gold pieces.

Inventory:

Missiles
 a - 61 arrows
Armour
 h - a +0 pair of boots (worn)
Jewellery
 b - an amulet of rage (around neck)
 s - a ring of protection from magic (left hand)
Scrolls
 g - a scroll of magic mapping
 j - 2 scrolls of random uselessness {unknown}
 k - 3 scrolls of enchant armour
 l - 2 scrolls of remove curse
 p - 5 scrolls of identify
 q - a scroll of teleportation
Potions
 f - a potion of resistance
 m - 3 potions of heal wounds {unknown}
 n - 2 potions of flight {unknown}
 o - a potion of might {unknown}
 r - a potion of mutation {unknown}
 v - 2 potions of haste {unknown}
Miscellaneous
 t - a plain deck of escape
 w - a plain deck of destruction {drawn: 1}
Comestibles
 c - 9 rations


   Skills:
 + Level 5.5 Fighting
 + Level 5.2 Dodging
 - Level 0.4 Stealth
 + Level 7.0 Unarmed Combat
 - Level 2.4 Spellcasting
 - Level 5.0 Transmutations
 + Level 5.3 Invocations


You had 9 spell levels left.
You knew the following spells:

 Your Spells              Type           Power        Failure   Level  Hunger
a - Beastly Appendage     Tmut           ###...       3%          1    #......
b - Sticks to Snakes      Tmut           ###.....     4%          2    ###....

Your spell library contained the following spells:

 Spells                   Type           Power        Failure   Level  Hunger
 Lightning Bolt           Conj/Air       #.........   99%         5    ######.
 Shock                    Conj/Air       #...         22%         1    #......
 Swiftness                Chrm/Air       #.......     34%         2    ###....
 Spider Form              Tmut/Pois      #.........   24%         3    ###....
 Blade Hands              Tmut           ###.......   63%         5    ######.
 Ice Form                 Ice/Tmut       #.......     63%         4    #####..
 Airstrike                Air            #.........   92%         4    #####..
 Static Discharge         Conj/Air       #.......     56%         3    ###....


Dungeon Overview and Level Annotations

Branches:
Dungeon (7/15)             Temple (0/1) D:5

Altars:
Cheibriados
Elyvilon
Nemelex Xobeh
Trog
Vehumet
Xom
The Shining One


Innate Abilities, Weirdness & Mutations

You can breathe bolts of dispelling energy.
Your rich purple scales are hard. (AC +7)
You cannot fit into any form of body armour.
You are cold-blooded and may be slowed by cold attacks.


Message History

The killer bee stings you!
* * * LOW HITPOINT WARNING * * *
The killer bee misses you.
You punch the killer bee!
You kill the killer bee!
* * * LOW HITPOINT WARNING * * *
You feel sick. The killer bee misses you.
You completely miss the killer bee.
* * * LOW HITPOINT WARNING * * *
You feel sick. The killer bee stings you.
* * * LOW HITPOINT WARNING * * *
You miss the killer bee.
* * * LOW HITPOINT WARNING * * *
You feel sick. The killer bee barely misses you. x2
You hit the killer bee.
Your tail-slap misses the killer bee.
The killer bee is lightly wounded.
* * * LOW HITPOINT WARNING * * *
You feel sick. The killer bee stings you.
You die...
Your body disappears without a glow.

........################...##
#.......##..................##
#.#####....######....#.......####
#.# #.#########.##.#...........
#.# #...[.......##.#.......####
#.# ##############.###....## #.#
#.# #....# #.# ######.####>#.##
#.# #.@............#### #.#
#######y#########..<..... #.#
#......†# #........ #.#
#.###############...##### ..# #.#
#####...........# #.. ###
#.###...........)..## #.#
#.#...............## #.#
#.#.#.###.######..# #.# #.....#
#.# #..# #.#


You could see a killer bee.

Vanquished Creatures
  A hippogriff (D:7)
  2 orc warriors (D:6)
  2 ice beasts (D:5)
  2 ogres
  A centaur (D:6)
  A scorpion (D:4)
  6 killer bees
  3 wights (D:6)
  A howler monkey (D:5)
  3 crimson imps
  2 quasits
  An orc priest (D:6)
  2 orc wizards (D:6)
  A centaur skeleton (D:6)
  5 worker ants
  An iguana (D:6)
  A hound skeleton (D:6)
  3 adders
  A howler monkey skeleton (D:5)
  A shadow imp (D:6)
  An ooze (D:4)
  2 adder skeletons
  A dart slug (D:1)
  7 leopard geckos
  15 orcs
  4 bats (D:1)
  2 giant cockroaches
  2 hobgoblins (D:3)
  4 jackals (D:4)
  4 quokkas
  A ball python skeleton (D:4)
  3 frilled lizards
  7 goblins
  A kobold (D:3)
  A leopard gecko skeleton (D:5)
  9 rats
104 creatures vanquished.

Vanquished Creatures (collateral kills)
  An orc warrior (D:6)
  A phantom (D:5)
  An ogre (D:6)
  3 killer bees
  An orc wizard (D:6)
  An adder (D:6)
  An adder skeleton (D:6)
  An orc (D:5)
  4 jackals (D:5)
14 creatures vanquished.

Vanquished Creatures (others)
  A ball lightning (D:7)
1 creature vanquished.

Grand Total: 119 creatures vanquished

Notes
Turn   | Place    | Note
-------+----------+-------------------------------------------
     0 | D:1      | sking99 the Draconian Transmuter began the quest for the Orb.
     0 | D:1      | Reached XP level 1. HP: 16/16 MP: 3/3
   226 | D:1      | Reached XP level 2. HP: 20/23 MP: 5/5
   283 | D:1      | Learned a level 2 spell: Sticks to Snakes
  1082 | D:2      | Reached XP level 3. HP: 28/28 MP: 6/6
  1496 | D:2      | Reached skill level 4 in Unarmed Combat
  1720 | D:2      | Found a glowing golden altar of the Shining One.
  2931 | D:4      | Reached XP level 4. HP: 25/35 MP: 5/7
  3087 | D:4      | Found a white marble altar of Elyvilon.
  3106 | D:4      | Found a snail-covered altar of Cheibriados.
  3324 | D:4      | Found a sparkling altar of Nemelex Xobeh.
  3330 | D:4      | Became a worshipper of Nemelex Xobeh the Trickster
  3334 | D:4      | Received a gift from Nemelex Xobeh
  3384 | D:4      | Reached skill level 5 in Unarmed Combat
  3384 | D:4      | Reached XP level 5. HP: 39/40 MP: 8/8
  3596 | D:4      | Reached skill level 1 in Invocations
  3894 | D:5      | Entered Level 5 of the Dungeon
  3898 | D:5      | Noticed a phantom
  3950 | D:5      | Killed a phantom
  3950 | D:5      | Reached XP level 6. HP: 15/48 MP: 2/9
  4509 | D:5      | Reached * piety under Nemelex Xobeh
  4510 | D:5      | Noticed a sky beast
  4531 | D:5      | Noticed an ice beast
  4538 | D:5      | Killed an ice beast
  4780 | D:5      | Received a gift from Nemelex Xobeh
  4871 | D:5      | Noticed an ice beast
  4882 | D:5      | Killed an ice beast
  4882 | D:5      | Your scales start taking on a rich purple colour.
  4882 | D:5      | Reached XP level 7. HP: 23/57 MP: 10/10
  5065 | D:5      | Found a staircase to the Ecumenical Temple.
  5156 | D:5      | Found a radiant altar of Vehumet.
  6222 | D:6      | Reached skill level 6 in Unarmed Combat
  6391 | D:6      | Found a shimmering altar of Xom.
  6427 | D:6      | Reached XP level 8. HP: 22/66 MP: 11/11
  6833 | D:6      | Received a gift from Nemelex Xobeh
  6859 | D:6      | Reached ** piety under Nemelex Xobeh
  7566 | D:7      | Received a gift from Nemelex Xobeh
  7614 | D:7      | Found a bloodstained altar of Trog.
  7616 | D:7      | Noticed a hippogriff
  7623 | D:7      | Killed a hippogriff
  7648 | D:7      | Reached skill level 5 in Fighting
  7663 | D:7      | Reached skill level 5 in Transmutations
  7935 | D:6      | Reached skill level 5 in Dodging
  8124 | D:6      | Reached skill level 5 in Invocations
  8130 | D:6      | Reached XP level 9. HP: 52/74 MP: 12/12
  8137 | D:6      | Reached skill level 7 in Unarmed Combat
  8289 | D:6      | HP: 5/111 [poisoned by a killer bee]
  8290 | D:6      | Slain by a killer bee

Vault maps used:
D:1:      dpeg_arrival_boxes_within_box, minmay_misc_feat_pillars
D:2:      tso_altar, first_ration
D:4:      old_standard_altar, elyvilon_altar_4,
          nemelex_xobeh_ov_fountains_minmay
D:5:      marbit_many_paths, lemuel_temple_firewalk_b
D:6:      xom_teletrap_fun
D:7:      grunt_temple_overflow_open, fedhas_altar_fruit_tree

Skill      XL: |  1  2  3  4  5  6  7  8  9 |
---------------+----------------------------+-----
Dodging        | 2 3 4 5 |  5.2
Unarmed Combat | 4 5 6 7 |  7.0
Invocations    | 1 2 3 5 |  5.3
Fighting       | 2 3 4 5 |  5.5
Transmutations | 3 4 5 |  5.0
Stealth        | |  0.4
Spellcasting   | |  2.4

Action                   |  1- 3 |  4- 6 |  7- 9 || total
-------------------------+-------+-------+-------++-------
Melee: Unarmed           |   184 |   164 |   266 ||   614
       Tailslap          |    19 |    16 |    29 ||    64
       Kick              |     4 |       |       ||     4
       Punch             |     1 |     3 |     5 ||     9
       Headbutt          |       |     1 |       ||     1
 Cast: Beastly Appendage |     1 |     2 |     2 ||     5
       Sticks to Snakes  |     1 |     7 |     6 ||    14
 Abil: Breathe Dispellin |       |       |     9 ||     9
Evoke: Deck              |       |     3 |    10 ||    13
  Use: Scroll            |       |    10 |       ||    10
       Potion            |       |     1 |     2 ||     3
 Stab: Sleeping          |     1 |     1 |       ||     2
  Eat: Chunk             |     6 |     4 |     2 ||    12
       Ration            |       |     1 |     3 ||     4
Armor: Skin              |    34 |    28 |    82 ||   144
Dodge: Dodged            |   103 |    84 |   269 ||   456

Table legend:
 A = Spawn XP
 B = Non-spawn XP
 C = Spawn XP percentage of total XP
 D = Spawn monster count
 E = Non-spawn monster count
 F = Spawn count percentage of total count
 G = Total turns spent on level
                    A         B        C        D         E        F      G
               +---------+---------+-------+---------+---------+-------+---------
         Total |       0 |    3020 |   0.0 |       0 |     118 |   0.0 |  8290
               +---------+---------+-------+---------+---------+-------+---------
           D:1 |       0 |      24 |   0.0 |       0 |      14 |   0.0 |   868
           D:2 |       0 |      39 |   0.0 |       0 |      13 |   0.0 |   972
           D:3 |       0 |      32 |   0.0 |       0 |      14 |   0.0 |  1116
           D:4 |       0 |     178 |   0.0 |       0 |      18 |   0.0 |   938
           D:5 |       0 |     634 |   0.0 |       0 |      16 |   0.0 |  1796
           D:6 |       0 |    1636 |   0.0 |       0 |      36 |   0.0 |  2459
           D:7 |       0 |     477 |   0.0 |       0 |       7 |   0.0 |   141
               +---------+---------+-------+---------+---------+-------+---------
